Map: Equilibrium LE

Players

Phonon

  • Race: Zerg Zerg
  • League: Diamond
  • Spawn Location: 11:00

SubN - Winner!

  • Race: Zerg Zerg
  • League: Diamond
  • Spawn Location: 1:00

VOD

Have the link to the VOD?

Description

Time

  • Played on: Dec. 24, 2023, 5:17 p.m.
  • Length: 10:47
Show
View Real Time Build Order
Export as new Build Order

Phonon Zerg 

Build Orders: Hatch First 

Get SALT Encoding   

  12  0:08  Overlord  
  12  0:14  Drone  
  12  0:18  Drone  
  15  0:28  Drone  
  15  0:47  Hatchery  
  14  0:51  Drone  
  14  0:53  Drone  
  17  0:57  Drone  
  17  1:12  Spawning Pool  
  17  1:15  Extractor  
  17  1:16  Drone  
  16  1:20  Drone  
  17  1:28  Drone  
  18  1:35  Drone  
  19  1:45  Overlord  
  19  1:59  Queen x2  
  19  2:01  Zergling x4  
  25  2:07  Zergling x2  
  26  2:45  Overlord  
  26  2:48  Queen  
  26  2:49  Baneling Nest  
  27  2:53  Metabolic Boost  
  27  2:57  Drone x2  
  27  2:58  Drone x4  
  33  3:06  Overlord  
  32  3:23  Overlord  
  32  3:29  Zergling x12  
  38  3:40  Baneling x5  
  38  3:51  Baneling x2  
  38  3:54  Drone x4  
  42  4:16  Roach Warren  
  41  4:18  Extractor  
  41  4:20  Drone x5  
  45  4:32  Drone x2  
  45  4:34  Drone  
  48  4:45  Drone x2  
  50  4:46  Extractor  
  50  4:50  Lair  
  49  5:00  Roach Warren, Evolution Chamber  
  49  5:01  Evolution Chamber  
  45  5:07  Drone x8  
  45  5:13  Extractor  
  52  5:15  Overlord  
  52  5:21  Drone x2  
  54  5:29  Drone  
  55  5:39  Drone x4  
  59  5:59  Roach x4  
  59  6:01  Overlord x4  
  67  6:14  Spore Crawler  
  67  6:15  Glial Reconstitution, Spore Crawler  
  65  6:19  Roach  
  67  6:26  Roach x2  
  67  6:27  Roach x3  
  77  6:42  Roach x7  
  77  6:44  Overlord  
  91  6:48  Ravager x2  
  91  6:51  Roach  
  95  6:54  Overlord  
  95  6:57  Roach  
  96  7:08  Roach x4  
  104  7:10  Ravager  
  104  7:11  Ravager x2  
  107  7:20  Zerg Missile Weapons Level 1  
  107  7:21  Zerg Ground Armor Level 1  
  107  7:29  Overlord x4  
  107  7:30  Overlord x3  
  107  7:51  Roach x6  
  119  8:02  Roach x4  
  125  8:14  Ravager  
  126  8:23  Overlord  
  126  8:24  Overseer  
  126  8:25  Hatchery  
  125  8:33  Ravager  
  125  8:34  Overlord  
  126  8:36  Overlord  
  126  8:37  Overlord  
  123  9:00  Roach x11  
  127  9:14  Roach x4  
  135  9:17  Drone  
  135  9:22  Roach x3  
  111  9:57  Roach x9  
  98  10:17  Roach x2  
Show
View Real Time Build Order
Export as new Build Order

SubN Zerg - Winner!

Build Orders: Pool First 

Get SALT Encoding   

  12  0:00  Drone  
  13  0:12  Overlord  
  13  0:16  Drone  
  14  0:30  Drone x2  
  14  0:34  Drone  
  17  0:37  Extractor  
  16  0:45  Drone  
  17  0:51  Spawning Pool  
  17  0:55  Drone  
  17  1:06  Drone  
  18  1:21  Hatchery  
  18  1:25  Drone  
  18  1:29  Drone  
  19  1:39  Queen  
  21  1:46  Metabolic Boost  
  21  1:54  Overlord  
  21  2:03  Overlord  
  21  2:08  Zergling x2  
  22  2:14  Zergling x2  
  23  2:25  Pneumatized Carapace  
  23  2:28  Drone  
  24  2:39  Overlord  
  24  2:43  Queen  
  26  2:44  Drone  
  26  2:45  Drone x2  
  29  3:01  Drone x4  
  33  3:10  Drone x2  
  35  3:17  Overlord  
  35  3:22  Drone x3  
  38  3:33  Drone x2  
  40  3:37  Drone  
  41  3:46  Drone  
  41  3:47  Drone  
  43  3:52  Roach Warren  
  42  3:59  Extractor  
  41  4:03  Extractor  
  41  4:05  Drone x3  
  41  4:08  Drone x3  
  46  4:12  Lair  
  46  4:14  Zergling x6  
  49  4:23  Overlord  
  49  4:24  Overlord  
  49  4:29  Zergling x2  
  50  4:34  Roach x3  
  50  4:36  Drone  
  57  4:44  Evolution Chamber  
  52  4:46  Drone  
  52  4:47  Evolution Chamber, Roach  
  52  4:48  Roach x2  
  59  5:07  Drone  
  59  5:10  Zerg Missile Weapons Level 1  
  59  5:12  Glial Reconstitution  
  59  5:13  Zerg Ground Armor Level 1  
  59  5:16  Drone  
  59  5:19  Drone x3  
  59  5:20  Extractor  
  62  5:29  Overlord  
  62  5:30  Hatchery  
  61  5:35  Drone  
  62  5:44  Roach x4  
  62  5:45  Roach x2  
  62  5:47  Queen  
  62  5:49  Overlord  
  76  5:51  Overlord  
  76  5:59  Drone  
  77  6:21  Overseer  
  77  6:22  Overseer  
  77  6:33  Ravager  
  77  6:34  Ravager x6  
  77  6:39  Roach  
  90  6:40  Roach x2  
  90  6:42  Overlord x5  
  90  6:45  Drone x7  
  97  6:48  Extractor  
  96  6:56  Overlord x4  
  96  7:00  Queen  
  98  7:04  Roach  
  98  7:05  Roach x2  
  104  7:18  Roach  
  104  7:19  Roach x5  
  104  7:22  Drone  
  117  7:43  Roach  
  127  7:44  Roach x5  
  128  8:01  Zerg Missile Weapons Level 2  
  128  8:02  Zerg Ground Armor Level 2  
  126  8:07  Drone x2  
  126  8:08  Drone x7  
  126  8:11  Extractor  
  126  8:12  Ravager x4  
  137  8:14  Drone  
  139  8:23  Zergling x4  
  139  8:24  Zergling x2  
  142  8:34  Drone x3  
  145  8:36  Overlord x5  
  145  8:51  Overlord  
  116  9:12  Roach x10  
  116  9:13  Roach x4  
  116  9:14  Extractor  
  116  9:15  Hatchery  
  140  9:18  Extractor  
  136  9:24  Roach  
  136  9:25  Roach x4  
  127  9:56  Roach x12  
  124  10:21  Roach  
  124  10:22  Roach x10  
Tags
 
Add a new tag
Caveats
  • Supply blocks, unpowered buildings, or Contaminate may cause inaccurate times.
  • Supply counts are checked every 10 seconds.